[Event "Titled Tuesday Blitz June 6 Late 2023"]
[White "Moore, Nicholas"]
[Black "Gonzalez Vega, Alejandro"]
[WhiteFideId "4303709"]
[BlackFideId "3510042"]
[WhiteElo "2424"]
[BlackElo "2286"]
[Result "1/2-1/2"]
[Round "3"]
[TimeControl "180+2"]
[Date "2023.06.07"]
[WhiteClock "0:00:20"]
[BlackClock "0:00:14"]
[Board "155"]

1. c4 e5 2. g3 Nc6 3. Bg2 Bc5 4. Nc3 d6 5. e3 a6 6. Nge2 Ba7 7. d4 h5 8. h3 h4 9. g4 f5 10. gxf5 Bxf5 11. Bxc6+ bxc6 12. dxe5 dxe5 13. Qxd8+ Rxd8 14. e4 Be6 15. b3 Nf6 16. Bg5 Rd3 17. Rd1 Rxh3 18. Rxh3 Bxh3 19. f4 exf4 20. Nxf4 Bg4 21. e5 Bxd1 22. exf6 gxf6 23. Bxf6 Rf8 24. Bg5 Bg4 25. Ne4 Bd4 26. Ng6 Rg8 27. Nxh4 Kd7 28. Bf6 c5 29. Bxd4 Re8 30. Bxc5 Rxe4+ 31. Kd2 Re2+ 32. Kc3 Rxa2 33. Ng6 Be6 34. Ne5+ Ke8 35. Nc6 Rg2 36. Kb4 Rb2 37. Bd4 Rd2 38. Bc3 Rd3 39. Be5 Re3 40. Bxc7 Kd7 41. Bf4 Kxc6 42. Bxe3 Bd7 43. Ka5 Kb7 44. b4 Bc6 45. Bd4 Be4 46. b5 axb5 47. cxb5 Bd3 48. Bc5 Bxb5 1/2-1/2


[Site "https://www.chess.com"]

[Event "Titled Tuesday Blitz June 6 Late 2023"]
[White "Dubreuil, Julien"]
[Black "Kashtanov, Ruslan"]
[WhiteFideId "621285"]
[BlackFideId "4124871"]
[WhiteElo "2265"]
[BlackElo "2263"]
[Result "0-1"]
[Round "3"]
[TimeControl "180+2"]
[Date "2023.06.07"]
[WhiteClock "0:00:09"]
[BlackClock "0:00:07"]
[Board "156"]

1. e4 c5 2. Nf3 d6 3. d4 cxd4 4. Nxd4 Nf6 5. Nc3 a6 6. Bg5 e6 7. Qe2 Nbd7 8. O-O-O b5 9. f4 Qc7 10. Kb1 Be7 11. f5 e5 12. Nb3 b4 13. Bxf6 Nxf6 14. Nd5 Nxd5 15. Rxd5 Bb7 16. Rd1 O-O 17. Qc4 Qxc4 18. Bxc4 Bxe4 19. Bd5 Bxf5 20. Bxa8 Rxa8 21. Rhe1 a5 22. h3 h5 23. Re2 Kf8 24. Rd5 a4 25. Ra5 Rxa5 26. Nxa5 Be6 27. Nc6 b3 28. cxb3 axb3 29. a4 Bg5 30. a5 Bc4 31. Re4 Bd5 32. Rb4 Bxc6 33. a6 Bxg2 34. a7 Ke7 35. Rxb3 h4 36. Rb8 Be3 37. a8=Q Bxa8 38. Rxa8 f5 39. b4 g5 40. b5 g4 41. Kc2 gxh3 42. Ra1 h2 43. Kd3 Bg1 44. b6 Bxb6 45. Rh1 Bf2 46. Ke2 Bg1 47. Kf3 Kf6 48. Kg2 d5 49. Kh3 d4 50. Kxh4 d3 51. Kg3 d2 52. Rxg1 hxg1=Q+ 53. Kf3 Qe1 54. Kg2 d1=Q 55. Kh3 Qg4+ 0-1


[Site "https://www.chess.com"]

[Event "Titled Tuesday Blitz June 6 Late 2023"]
[White "Narva, Triin"]
[Black "Omariev, Maksim"]
[WhiteFideId "4502680"]
[BlackFideId "4193423"]
[WhiteElo "1976"]
[BlackElo "2421"]
[Result "1-0"]
[Round "3"]
[TimeControl "180+2"]
[Date "2023.06.07"]
[WhiteClock "0:00:07"]
[BlackClock "0:00:05"]
[Board "157"]

1. e4 g5 2. d4 h6 3. Nc3 Bg7 4. h4 g4 5. h5 d6 6. Bc4 Nc6 7. Be3 e5 8. Nge2 a6 9. a4 exd4 10. Nxd4 Ne5 11. Ba2 Ne7 12. f4 N5c6 13. f5 Ne5 14. O-O N7c6 15. Nd5 Bf6 16. Nxc7+ Qxc7 17. Qd2 Nxd4 18. Bxd4 Bd7 19. c4 Bc6 20. Rfe1 Bg5 21. Qc3 f6 22. b4 Bd7 23. c5 Rc8 24. Qb3 Ke7 25. Rad1 Rh7 26. cxd6+ Qxd6 27. Bc5 Rxc5 28. Rxd6 Kxd6 29. bxc5+ Kc7 30. Qd5 Bc6 31. Qd6+ Kc8 32. Be6+ Bd7 33. Qf8+ Kc7 34. Qg8 Re7 35. Qf8 Nc6 36. Bxd7 Rxd7 37. e5 fxe5 38. Qe8 Bf4 39. Qe6 g3 40. Qxh6 Nd4 41. Qg6 Nc2 42. Rf1 Ne3 43. Rb1 Rd2 44. Qb6+ Kd7 45. Qxb7+ Ke8 46. Qc6+ Kf7 47. Qg6+ Ke7 48. Qe6+ Kd8 49. Rb8+ Kc7 50. Qc8# 1-0


[Site "https://www.chess.com"]

[Event "Titled Tuesday Blitz June 6 Late 2023"]
[White "Eggleston, Thomas A"]
[Black "Dedona, Mark"]
[WhiteFideId "412139"]
[BlackFideId "30920256"]
[WhiteElo "2155"]
[BlackElo "2074"]
[Result "0-1"]
[Round "3"]
[TimeControl "180+2"]
[Date "2023.06.07"]
[WhiteClock "0:00:01"]
[BlackClock "0:01:08"]
[Board "158"]

1. e4 c5 2. Nf3 d6 3. Bc4 Nf6 4. d3 g6 5. c3 Bg7 6. O-O O-O 7. Re1 Nc6 8. Bb3 b5 9. a4 b4 10. Nbd2 a5 11. h3 Rb8 12. d4 bxc3 13. bxc3 cxd4 14. cxd4 Ba6 15. Ba3 Nb4 16. e5 Nfd5 17. Ne4 Nc7 18. exd6 exd6 19. Re3 Re8 20. Rc1 Ncd5 21. Bxd5 Nxd5 22. Re1 Nb4 23. Rc3 Bb7 24. Ned2 Qd7 25. Rxe8+ Rxe8 26. Nc4 Bxf3 27. Qxf3 d5 28. Ne5 Bxe5 29. dxe5 Rxe5 30. Bxb4 axb4 31. Rb3 Qxa4 32. g3 Qa1+ 33. Kg2 Re1 34. h4 Qd4 35. Re3 Rxe3 36. fxe3 Qe4 37. Qxe4 dxe4 38. Kf2 Kg7 39. Ke2 Kf6 40. Kd2 Kf5 41. Kc2 Kg4 42. Kb3 Kf3 43. Kxb4 Kxe3 44. Kc4 Kd2 45. Kd5 e3 46. Ke5 e2 47. Kf6 e1=Q 48. Kxf7 Qxg3 49. Kg7 Qxh4 50. Kf7 g5 51. Kg7 g4 52. Kf7 g3 53. Ke6 g2 54. Kf5 g1=Q 55. Ke5 Qe3+ 56. Kd6 Qhd4+ 57. Kc6 Qec3+ 58. Kb5 Qdb4+ 0-1


[Site "https://www.chess.com"]

[Event "Titled Tuesday Blitz June 6 Late 2023"]
[White "Buchenau, Frank"]
[Black "Sailer, Mike"]
[WhiteFideId "4604350"]
[BlackFideId "2012901"]
[WhiteElo "2157"]
[BlackElo "2109"]
[Result "0-1"]
[Round "3"]
[TimeControl "180+2"]
[Date "2023.06.07"]
[WhiteClock "0:00:01"]
[BlackClock "0:00:04"]
[Board "159"]

1. e4 d5 2. exd5 Qxd5 3. Nc3 Qd6 4. d4 Nf6 5. Nf3 c6 6. Ne5 Nbd7 7. Nc4 Qc7 8. a4 a5 9. g3 Nb6 10. Bf4 Qd8 11. Ne5 Nbd5 12. Bg2 Nxc3 13. bxc3 Bf5 14. O-O e6 15. g4 Be4 16. f3 Bg6 17. h4 Nd5 18. Bd2 Qxh4 19. c4 Nf6 20. Be1 Qh6 21. f4 Nd7 22. g5 Qh5 23. Bf3 Qh3 24. Nxd7 Kxd7 25. Bg4 Qe3+ 26. Rf2 Qg3+ 27. Kf1 h5 28. Bf3 Bb4 29. c3 Bd6 30. Bg2 h4 31. Rf3 Qg4 32. Qd2 h3 33. Bh1 h2 34. Qg2 Qf5 35. Bg3 Rh7 36. Re1 Rah8 37. Qb2 Kc8 38. c5 Bc7 39. c4 Rh3 40. Rb3 Rxg3 41. Rxg3 Qxf4+ 42. Qf2 Qxg3 43. d5 Qxf2+ 44. Kxf2 exd5 45. cxd5 cxd5 46. Re7 Bf4 47. Bxd5 Bxg5 48. Bxb7+ Kd8 49. Re1 h1=Q 50. Bxh1 Bh4+ 0-1


[Site "https://www.chess.com"]

[Event "Titled Tuesday Blitz June 6 Late 2023"]
[White "zsizsi99"]
[Black "Vila Dupla, Aurelio"]
[BlackFideId "2203383"]
[WhiteElo "2413"]
[BlackElo "2009"]
[Result "1-0"]
[Round "3"]
[TimeControl "180+2"]
[Date "2023.06.07"]
[WhiteClock "0:00:14"]
[BlackClock "0:00:01"]
[Board "160"]

1. e4 c5 2. Nf3 d6 3. d4 cxd4 4. Nxd4 Nf6 5. Nc3 g6 6. Be3 Bg7 7. f3 O-O 8. Qd2 Nc6 9. O-O-O Nxd4 10. Bxd4 Be6 11. Kb1 Qc7 12. g4 Rfc8 13. h4 Qa5 14. Qg5 Qxg5 15. hxg5 Nd7 16. Bxg7 Kxg7 17. Be2 a6 18. Rh4 b5 19. Rdh1 Nf8 20. f4 Bc4 21. Bf3 Ra7 22. Nd1 Rac7 23. Ne3 b4 24. R4h2 a5 25. b3 Bb5 26. Nd5 Ra7 27. f5 Rc3 28. Nxc3 bxc3 29. Re1 Rd7 30. Re3 Rc7 31. Rh3 Nd7 32. Bg2 Ne5 33. Rxc3 Rb7 34. Rhg3 Rd7 35. Kb2 Bc6 36. a3 Bb7 37. Rce3 f6 38. gxf6+ Kxf6 39. g5+ Kg7 40. Bh3 Rc7 41. c4 Bc6 42. Kc3 a4 43. b4 Bb7 44. Bf1 Ba6 45. fxg6 hxg6 46. b5 Bxb5 47. Kb4 Bxc4 48. Bxc4 Rxc4+ 49. Kb5 1-0


[Site "https://www.chess.com"]

[Event "Titled Tuesday Blitz June 6 Late 2023"]
[White "Jaivardhan Raj"]
[Black "Pesotskiy, Mikhail"]
[WhiteFideId "25744437"]
[BlackFideId "34164453"]
[WhiteElo "1772"]
[BlackElo "2131"]
[Result "1-0"]
[Round "3"]
[TimeControl "180+2"]
[Date "2023.06.07"]
[WhiteClock "0:01:06"]
[BlackClock "0:00:32"]
[Board "161"]

1. e4 e6 2. d4 d5 3. Nd2 Nf6 4. e5 Nfd7 5. Bd3 c5 6. c3 Nc6 7. Ne2 cxd4 8. cxd4 f6 9. exf6 Qxf6 10. Nf3 h6 11. O-O Bd6 12. Be3 O-O 13. h3 Rd8 14. Rc1 Nf8 15. Bb1 Bd7 16. a3 Be8 17. b4 a6 18. Nc3 Bg6 19. Bxg6 Nxg6 20. Na4 Rf8 21. Nb6 Rad8 22. Qe2 Rf7 23. Rfe1 Bc7 24. Na4 e5 25. dxe5 Ngxe5 26. Nxe5 Bxe5 27. Bb6 Rdf8 28. Bc5 Re8 29. Qd2 d4 30. Re2 Rd8 31. Bb6 Rdf8 32. Bc5 Bf4 33. Qc2 Bxc1 34. Bxf8 Bxa3 35. Bc5 Bxb4 36. Re8+ Rf8 37. Rxf8+ Qxf8 38. Bxf8 Bxf8 39. Qb3+ Kh7 40. Qxb7 1-0


[Site "https://www.chess.com"]

[Event "Titled Tuesday Blitz June 6 Late 2023"]
[White "Martin Barcelo, Carles"]
[Black "KSho99"]
[WhiteFideId "24561444"]
[WhiteElo "2089"]
[BlackElo "2190"]
[Result "1-0"]
[Round "3"]
[TimeControl "180+2"]
[Date "2023.06.07"]
[WhiteClock "0:00:26"]
[BlackClock "0:00:03"]
[Board "162"]

1. e4 b6 2. d4 Bb7 3. Bd3 g6 4. Nf3 Bg7 5. O-O d6 6. c4 Nd7 7. Nc3 e6 8. Bg5 Ne7 9. Qd2 h6 10. Be3 Nf6 11. h3 g5 12. e5 Nd7 13. Be4 Bxe4 14. Nxe4 dxe5 15. dxe5 Nxe5 16. Qe2 Nxf3+ 17. Qxf3 Nf5 18. Rad1 Qc8 19. Rd2 O-O 20. Rfd1 Nxe3 21. fxe3 f5 22. Ng3 Rf7 23. Nh5 c5 24. e4 Qc6 25. Rd8+ Rxd8 26. Rxd8+ Kh7 27. Nxg7 Kxg7 28. Qc3+ Kh7 29. Rh8+ Kg6 30. Rg8+ Kh5 31. Qf3+ Kh4 32. Kh2 f4 33. Qg4# 1-0


[Site "https://www.chess.com"]

[Event "Titled Tuesday Blitz June 6 Late 2023"]
[White "Abduzhaparov"]
[Black "Osmonbekov, Talaibek"]
[BlackFideId "2017253"]
[WhiteElo "2403"]
[BlackElo "2135"]
[Result "1-0"]
[Round "3"]
[TimeControl "180+2"]
[Date "2023.06.07"]
[WhiteClock "0:00:20"]
[BlackClock "0:00:15"]
[Board "163"]

1. Nf3 f5 2. c4 Nf6 3. g3 d6 4. d4 e6 5. Bg2 Be7 6. O-O O-O 7. Nc3 Ne4 8. Qc2 Nxc3 9. bxc3 Nc6 10. e4 e5 11. dxe5 dxe5 12. Rd1 Qe8 13. c5 Bxc5 14. Rd5 Bd6 15. exf5 Bxf5 16. Qb3 Be6 17. Ng5 Bxd5 18. Bxd5+ Kh8 19. Nf7+ Rxf7 20. Bxf7 Qd7 21. Be6 Qe7 22. Bd5 Na5 23. Qd1 Bc5 24. Be4 Rf8 25. Be3 Bxe3 26. fxe3 g6 27. Qd5 b6 28. Rf1 Rxf1+ 29. Kxf1 Kg7 30. h4 Qf7+ 31. Ke2 Qxd5 32. Bxd5 c6 33. Be4 Kf6 34. Kd3 Ke6 35. h5 Kf6 36. hxg6 hxg6 37. Bg2 g5 38. Be4 Ke6 39. g4 Kd6 40. Bf3 Nb7 41. Ke4 Ke6 42. Kd3 Nc5+ 43. Kc4 Kd6 44. Bd1 a5 45. a4 Nxa4 46. Bxa4 b5+ 47. Bxb5 cxb5+ 48. Kxb5 Kd5 49. c4+ Ke4 50. c5 Kxe3 51. c6 Kf2 52. c7 e4 53. c8=Q e3 54. Qf5+ Kg2 55. Qxg5 e2 56. Qe3 Kf1 57. Qxe2+ Kxe2 58. Kxa5 1-0


[Site "https://www.chess.com"]

[Event "Titled Tuesday Blitz June 6 Late 2023"]
[White "Ozalp, Burak"]
[Black "Djordjevic, Dejan N"]
[WhiteFideId "6314210"]
[BlackFideId "913316"]
[WhiteElo "2106"]
[BlackElo "2261"]
[Result "1-0"]
[Round "3"]
[TimeControl "180+2"]
[Date "2023.06.07"]
[WhiteClock "0:00:14"]
[BlackClock "0:00:01"]
[Board "164"]

1. e4 c5 2. Nf3 Nc6 3. Bb5 g6 4. Bxc6 dxc6 5. O-O Bg7 6. Re1 e5 7. b4 cxb4 8. a3 bxa3 9. Bxa3 Ne7 10. d3 O-O 11. Nbd2 Qc7 12. Nc4 Rd8 13. Qb1 b5 14. Na5 Bg4 15. Nd2 Be6 16. Ndb3 Bxb3 17. Qxb3 a6 18. Bxe7 Qxe7 19. Nxc6 Qb7 20. Nxd8 Rxd8 21. g3 Bf8 22. Kg2 Rd4 23. Ra2 Kg7 24. Rea1 Rd6 25. c4 b4 26. Ra5 f6 27. R1a4 Rc6 28. Rd5 Bc5 29. h4 Rc7 30. h5 Qb6 31. Rxc5 Qxc5 32. hxg6 hxg6 33. Qxb4 Qd4 34. Ra3 f5 35. Qc3 Rd7 36. Qxd4 Rxd4 37. exf5 gxf5 38. Rxa6 Rxd3 39. Rc6 Rc3 40. Kf1 Rc2 41. Ke1 Kf7 42. f3 Ke7 43. g4 fxg4 44. fxg4 Rg2 45. Rc7+ Kd6 46. Rg7 Rc2 47. Kf1 Rxc4 48. Kf2 Rc3 49. Rg6+ Ke7 50. g5 e4 51. Ra6 Kf7 52. Kg2 Kg7 53. Kf2 Kf7 54. Ke2 Kg7 55. Rf6 Rb3 56. Re6 Rg3 57. Rxe4 Rxg5 58. Kf3 Rf5+ 59. Kg4 Kf6 60. Re8 Rg5+ 61. Kf4 Rf5+ 62. Ke4 Rh5 63. Rf8+ Ke7 64. Ra8 Kd6 65. Ra6+ Ke7 66. Kf4 Rc5 67. Ra4 Rb5 68. Ke4 Rc5 69. Ra7+ Ke6 70. Kd4 Rg5 71. Ra6+ Kd7 72. Ke4 Rh5 73. Ra7+ Kd6 74. Kf3 Ke6 75. Ra6+ 1-0


[Site "https://www.chess.com"]

[Event "Titled Tuesday Blitz June 6 Late 2023"]
[White "MrAnnihilation"]
[Black "Araujo Filho, Luiz Antonio Coel"]
[BlackFideId "2130661"]
[WhiteElo "2395"]
[BlackElo "2056"]
[Result "1-0"]
[Round "3"]
[TimeControl "180+2"]
[Date "2023.06.07"]
[WhiteClock "0:00:06"]
[BlackClock "0:00:04"]
[Board "165"]

1. e4 c6 2. d4 d5 3. exd5 cxd5 4. Bd3 Nf6 5. h3 Nc6 6. c3 e6 7. Bf4 Be7 8. Nd2 O-O 9. Ngf3 a6 10. O-O b5 11. a3 Bb7 12. Qe2 Na5 13. Ne5 Nc4 14. Rab1 Rc8 15. Rfe1 Nxd2 16. Qxd2 Ne4 17. Qe3 Bf6 18. g4 g6 19. f3 Nd6 20. Bh6 Re8 21. Re2 Nc4 22. Qf4 Nxe5 23. dxe5 Bg7 24. h4 f6 25. Bxg7 Kxg7 26. h5 f5 27. gxf5 exf5 28. Rg2 Kf7 29. Bxf5 1-0


[Site "https://www.chess.com"]

[Event "Titled Tuesday Blitz June 6 Late 2023"]
[White "The_Straightforward_Rook"]
[Black "sebastianmarinp"]
[WhiteElo "2391"]
[BlackElo "2363"]
[Result "0-1"]
[Round "3"]
[TimeControl "180+2"]
[Date "2023.06.07"]
[WhiteClock "0:00:44"]
[BlackClock "0:00:26"]
[Board "166"]

1. e4 e5 2. Nf3 Nc6 3. Bc4 Nf6 4. d3 Be7 5. a4 O-O 6. O-O d5 7. exd5 Nxd5 8. Re1 Bg4 9. Nbd2 Nb6 10. Bb3 Bd6 11. h3 Bh5 12. c3 Be7 13. a5 Nd5 14. a6 b6 15. g4 Bg6 16. Nxe5 Nxe5 17. Rxe5 Nf4 18. d4 Nxh3+ 19. Kg2 Nf4+ 20. Kg3 Ne6 21. Nf3 Bd6 22. Qe2 Bxe5+ 23. Nxe5 c5 24. f4 cxd4 25. f5 Nc5 26. fxg6 Nxb3 27. gxf7+ Rxf7 28. Nxf7 Qc7+ 29. Bf4 Qxf7 30. Rf1 Rf8 31. Bd6 Qxf1 0-1


[Site "https://www.chess.com"]

[Event "Titled Tuesday Blitz June 6 Late 2023"]
[White "Marin Masis, Jose Esteban"]
[Black "Mikhalsky, Vladimir"]
[WhiteFideId "6508146"]
[BlackFideId "14144352"]
[WhiteElo "1838"]
[BlackElo "2236"]
[Result "0-1"]
[Round "3"]
[TimeControl "180+2"]
[Date "2023.06.07"]
[WhiteClock "0:00:11"]
[BlackClock "0:00:23"]
[Board "167"]

1. e4 g6 2. d4 Bg7 3. Nf3 d6 4. Nc3 a6 5. Bc4 e6 6. Bg5 Ne7 7. Qd2 h6 8. Be3 b5 9. Bb3 Bb7 10. d5 exd5 11. exd5 Nf5 12. O-O-O O-O 13. Nd4 Nxe3 14. Qxe3 a5 15. Ncxb5 a4 16. Bc4 Nd7 17. Nc6 Qf6 18. c3 a3 19. Nxa3 Rxa3 20. bxa3 Nb6 21. Bb3 Ra8 22. Kb2 Na4+ 23. Bxa4 Rxa4 24. Rd3 Bxc6 25. dxc6 Qf5 26. Rhd1 Qb5+ 27. Ka1 Rxa3 28. Qe8+ Kh7 29. Qxf7 Qxc6 30. Rc1 d5 31. Qxd5 Qa6 32. Rg3 Qf6 33. Qd4 Qe6 34. Qd3 Qxa2# 0-1


[Site "https://www.chess.com"]

[Event "Titled Tuesday Blitz June 6 Late 2023"]
[White "Tarnowska, Aleksandra"]
[Black "Ai, Evan"]
[WhiteFideId "1180967"]
[BlackFideId "2094770"]
[WhiteElo "1776"]
[BlackElo "1963"]
[Result "0-1"]
[Round "3"]
[TimeControl "180+2"]
[Date "2023.06.07"]
[WhiteClock "0:00:03"]
[BlackClock "0:00:16"]
[Board "168"]

1. e4 e5 2. Nf3 Nc6 3. Bb5 a6 4. Ba4 Nf6 5. O-O Be7 6. Re1 b5 7. Bb3 O-O 8. c3 d5 9. exd5 Nxd5 10. h3 Bb7 11. Bc2 f5 12. d3 Bc5 13. Bg5 Qd7 14. Nxe5 Nxe5 15. Rxe5 h6 16. Bd2 Bd6 17. Re2 f4 18. f3 Rae8 19. d4 Qd8 20. Na3 Qg5 21. Qf1 Ne3 22. Qf2 Nxg2 23. Rxe8 Nh4+ 24. Kf1 Rxe8 25. Re1 Rxe1+ 26. Kxe1 Nxf3+ 27. Kd1 Qg3 28. Qe2 Nxd2 29. Qxd2 Bf3+ 30. Kc1 Qg1+ 31. Bd1 Qxd1+ 32. Qxd1 Bxd1 33. Kxd1 g5 34. Ke2 h5 35. Nc2 g4 36. hxg4 hxg4 37. Ne1 Kf7 38. Nd3 Ke6 39. Nf2 Kf5 40. b3 g3 41. Nh3 Ke4 42. Ng1 c5 43. Nf3 cxd4 44. cxd4 Bb4 45. a4 Bc3 46. d5 Kxd5 47. Kd3 Bb4 48. Ng5 Bc5 49. Nf3 g2 50. axb5 axb5 51. b4 Bxb4 52. Ng1 Bc5 53. Ne2 g1=Q 54. Nxg1 Bxg1 55. Ke2 Bd4 56. Kf3 Ke5 57. Ke2 b4 58. Kd3 b3 59. Kd2 b2 60. Kc2 f3 61. Kd2 f2 62. Ke2 b1=Q 63. Kf3 f1=Q+ 64. Kg4 Qg6+ 65. Kh4 Qh1# 0-1


[Site "https://www.chess.com"]

[Event "Titled Tuesday Blitz June 6 Late 2023"]
[White "Smiechu"]
[Black "Winkels, Marcel"]
[BlackFideId "1003887"]
[WhiteElo "2375"]
[BlackElo "1900"]
[Result "1-0"]
[Round "3"]
[TimeControl "180+2"]
[Date "2023.06.07"]
[WhiteClock "0:01:21"]
[BlackClock "0:00:37"]
[Board "169"]

1. e4 Nf6 2. e5 Nd5 3. c4 Nb6 4. a4 a5 5. Ra3 d6 6. exd6 exd6 7. Rg3 Be6 8. b3 N8d7 9. d4 Nf6 10. Nc3 g6 11. h4 h6 12. Bd3 Bg7 13. h5 g5 14. f4 Nh7 15. Nf3 g4 16. f5 Bd7 17. Rxg4 Kf8 18. Qd2 Qf6 19. Ne4 Qe7 20. Rxg7 Kxg7 21. Qxh6+ Kg8 22. Rh3 Bxf5 23. Rg3+ Bg6 24. hxg6 Nf6 25. gxf7+ Kxf7 26. Rg7+ Kf8 27. Qxh8+ 1-0


[Site "https://www.chess.com"]

[Event "Titled Tuesday Blitz June 6 Late 2023"]
[White "zano2023"]
[Black "Rama, Tejas"]
[BlackFideId "30907381"]
[WhiteElo "2130"]
[BlackElo "2089"]
[Result "0-1"]
[Round "3"]
[TimeControl "180+2"]
[Date "2023.06.07"]
[WhiteClock "0:00:28"]
[BlackClock "0:00:49"]
[Board "170"]

1. c4 Nf6 2. Nc3 e6 3. g3 d5 4. d4 c5 5. cxd5 Nxd5 6. Nf3 Nxc3 7. bxc3 cxd4 8. cxd4 Bb4+ 9. Bd2 Bxd2+ 10. Qxd2 b6 11. Bg2 Bb7 12. O-O O-O 13. a4 a5 14. Rab1 Na6 15. e3 Nb4 16. Rfc1 Be4 17. Rb3 Qd5 18. Rxb4 axb4 19. Nh4 Bxg2 20. Nxg2 Rxa4 21. Rb1 Rfa8 22. Nf4 Qe4 23. Nd3 Ra2 24. Qd1 b3 25. Qxb3 Ra1 26. Qxb6 Qxd3 27. Rxa1 Rxa1+ 28. Kg2 Qe4+ 29. Kh3 h5 30. Qd8+ Kh7 31. Qg5 Qf5+ 32. Qxf5+ exf5 33. Kh4 Kh6 34. h3 g5# 0-1


[Site "https://www.chess.com"]

[Event "Titled Tuesday Blitz June 6 Late 2023"]
[White "Hartikainen, Jarmo"]
[Black "Ruiz Aguilar, Pablo Alexander"]
[WhiteFideId "503134"]
[BlackFideId "4401352"]
[WhiteElo "2117"]
[BlackElo "2111"]
[Result "0-1"]
[Round "3"]
[TimeControl "180+2"]
[Date "2023.06.07"]
[WhiteClock "0:00:15"]
[BlackClock "0:01:43"]
[Board "171"]

1. e4 c5 2. c3 d5 3. exd5 Qxd5 4. d4 Nc6 5. Nf3 Nf6 6. Na3 cxd4 7. Nb5 Qd8 8. Nbxd4 Bd7 9. Bd3 Nxd4 10. Nxd4 e5 11. Ne2 Bc5 12. O-O O-O 13. Ng3 Ng4 14. Nf5 Nxf2 15. Rxf2 Bxf2+ 16. Kxf2 Bxf5 17. Be2 Qh4+ 18. Kg1 Rad8 19. Qf1 Bg4 20. Be3 Bxe2 21. Qxe2 Qe4 22. Re1 b6 23. a4 Rd3 24. a5 bxa5 25. Bxa7 Qxe2 26. Rxe2 Re8 27. Bb6 a4 28. Re4 Rd1+ 29. Kf2 Rd2+ 30. Kf3 Rxb2 31. Rxa4 Rxb6 0-1


[Site "https://www.chess.com"]

[Event "Titled Tuesday Blitz June 6 Late 2023"]
[White "Mazurkiewicz, Michal"]
[Black "Blackwhite017"]
[WhiteFideId "1124943"]
[WhiteElo "2063"]
[BlackElo "2101"]
[Result "0-1"]
[Round "3"]
[TimeControl "180+2"]
[Date "2023.06.07"]
[WhiteClock "0:00:06"]
[BlackClock "0:00:06"]
[Board "172"]

1. e4 c5 2. Nf3 d6 3. g3 g6 4. Bg2 Bg7 5. O-O Nf6 6. d3 O-O 7. Re1 e5 8. c3 Nc6 9. h3 Be6 10. d4 cxd4 11. cxd4 exd4 12. Nxd4 Nxd4 13. Qxd4 Ng4 14. Qd1 Ne5 15. Nc3 Rc8 16. Nd5 Re8 17. Rb1 Qa5 18. b4 Qxa2 19. Bg5 Rc2 20. Rf1 Bxd5 21. Ra1 Nf3+ 22. Bxf3 Bxa1 23. Qxa1 Qxa1 24. Rxa1 Be6 25. Rxa7 b5 26. Bf4 Rec8 27. Bxd6 Rc1+ 28. Kg2 R1c4 29. Bc5 h5 30. e5 R4xc5 31. bxc5 Rxc5 32. Rb7 Rxe5 33. Bc6 Bc4 34. f4 Rc5 35. Bd7 Bd5+ 36. Kf2 Bxb7 37. Ke3 Rc3+ 38. Kd4 Rxg3 39. Ke5 Bg2 40. h4 Bh3 41. Bxb5 Bf5 42. Bc4 Rg4 43. Kf6 Rxh4 44. Bxf7+ Kh7 45. Ke5 Rg4 46. Bd5 h4 47. Bf3 Rg3 48. Bd5 h3 49. Kf6 h2 50. Bf7 Rg1 51. Ke7 h1=Q 52. Kf8 Qa8+ 53. Be8 Qxe8+ 54. Kxe8 Rf1 0-1


[Site "https://www.chess.com"]

[Event "Titled Tuesday Blitz June 6 Late 2023"]
[White "Tsukerman, Julia"]
[Black "Stachanczyk, Jacek"]
[WhiteFideId "2621649"]
[BlackFideId "1116657"]
[WhiteElo "1667"]
[BlackElo "2084"]
[Result "1-0"]
[Round "3"]
[TimeControl "180+2"]
[Date "2023.06.07"]
[WhiteClock "0:00:05"]
[BlackClock "0:00:02"]
[Board "173"]

1. e4 c5 2. Nf3 d6 3. d4 cxd4 4. Nxd4 Nf6 5. Nc3 g6 6. f4 a6 7. Be2 Bg7 8. Be3 O-O 9. O-O Nc6 10. Nf3 Ng4 11. Qd2 Nxe3 12. Qxe3 Bd7 13. Bc4 Rc8 14. Bd5 e6 15. Bb3 Qc7 16. Rad1 Rfd8 17. Kh1 Na5 18. Rd3 b5 19. Rfd1 b4 20. Ne2 Bb5 21. R3d2 Bxb2 22. Ned4 Bc4 23. Ng5 Bc3 24. Qh3 h5 25. Rf2 Qc5 26. Qe3 Rd7 27. Rf3 e5 28. Ne2 Qxe3 29. Rxe3 Nxb3 30. cxb3 Bxe2 31. Rxe2 exf4 32. Rf1 Be5 33. Nf3 f6 34. Rd1 Kf7 35. Red2 Rdc7 36. Kg1 Rc1 37. Kf1 Rxd1+ 38. Rxd1 Rc2 39. Rd2 Rxd2 40. Nxd2 Ke6 41. Nc4 Bd4 42. Ke2 Bc5 43. Kd3 f5 44. Nd2 g5 45. Nf3 g4 46. Ne1 fxe4+ 47. Kxe4 d5+ 48. Kxf4 Kf6 49. Nd3 Bd6+ 50. Ke3 Bxh2 51. Kd4 h4 52. Kxd5 Bb8 53. Nf2 Kf5 54. Kc4 Ba7 55. Nh1 1-0


[Site "https://www.chess.com"]

[Event "Titled Tuesday Blitz June 6 Late 2023"]
[White "Manon-og, Ramon Jr."]
[Black "Levine, David"]
[WhiteFideId "5200776"]
[BlackFideId "2011611"]
[WhiteElo "2364"]
[BlackElo "2099"]
[Result "0-1"]
[Round "3"]
[TimeControl "180+2"]
[Date "2023.06.07"]
[WhiteClock "0:00:03"]
[BlackClock "0:00:35"]
[Board "174"]

1. e3 d5 2. d4 Nf6 3. Nf3 Bf5 4. Nc3 c6 5. Bd3 e6 6. Bxf5 exf5 7. Bd2 Nbd7 8. O-O Bd6 9. Qe2 O-O 10. Rad1 Re8 11. Rfe1 Ne4 12. Bc1 Qf6 13. Rd3 Qh6 14. h3 Ndf6 15. Nd2 f4 16. Ndxe4 dxe4 17. Rdd1 f3 18. Qf1 g5 19. gxf3 exf3 20. Rd2 Kh8 21. e4 Bb4 22. e5 Bxc3 23. bxc3 Nd5 24. Rd3 Qh5 25. Red1 g4 26. c4 Nb4 27. Rb3 c5 28. Rb2 Nc6 0-1


[Site "https://www.chess.com"]

[Event "Titled Tuesday Blitz June 6 Late 2023"]
[White "Prydun, Andriy"]
[Black "NtcPou"]
[WhiteFideId "14145898"]
[WhiteElo "2164"]
[BlackElo "2053"]
[Result "1-0"]
[Round "3"]
[TimeControl "180+2"]
[Date "2023.06.07"]
[WhiteClock "0:01:41"]
[BlackClock "0:00:08"]
[Board "175"]

1. e4 c6 2. d4 d5 3. e5 Bf5 4. Bd3 Bxd3 5. cxd3 e6 6. Nc3 c5 7. dxc5 Bxc5 8. d4 Be7 9. Qg4 g6 10. Qd1 Nc6 11. Nf3 h5 12. O-O Nh6 13. Bxh6 Rxh6 14. Rc1 h4 15. h3 Rh5 16. Ne2 Rc8 17. Qb3 b6 18. Qa4 Qd7 19. Rc2 Nd8 20. Qb3 Rxc2 21. Qxc2 Qc6 22. Qd2 Kd7 23. Rc1 Qb7 24. b4 b5 25. Nf4 Rf5 26. Nd3 Nc6 27. Nc5+ Bxc5 28. Rxc5 Rh5 29. a4 bxa4 30. b5 Nd8 31. Qa5 Qb6 32. Qxa4 Nb7 33. Rc6 Qa5 34. Qc2 Rh8 35. b6 Rb8 36. Rc7+ Kd8 37. Qc6 Qxb6 38. Qd7# 1-0


[Site "https://www.chess.com"]

[Event "Titled Tuesday Blitz June 6 Late 2023"]
[White "Francisco_Ferrari"]
[Black "Dmitriev, Sergey"]
[BlackFideId "14101785"]
[WhiteElo "2175"]
[BlackElo "2132"]
[Result "1-0"]
[Round "3"]
[TimeControl "180+2"]
[Date "2023.06.07"]
[WhiteClock "0:00:35"]
[BlackClock "0:01:12"]
[Board "176"]

1. Nf3 d6 2. d4 g6 3. a4 Bg7 4. e3 e6 5. Be2 a6 6. Nbd2 Ne7 7. c4 Nd7 8. b4 b6 9. Bb2 Bb7 10. O-O O-O 11. a5 bxa5 12. Rxa5 h6 13. Qa1 f5 14. d5 e5 15. Rd1 Nf6 16. c5 Bxd5 17. cxd6 cxd6 18. Rxa6 Rxa6 19. Qxa6 e4 20. Nd4 Bf7 21. Nc4 Bxc4 22. Bxc4+ d5 23. Ne6 Qd7 24. Nxf8 Bxf8 25. Qxf6 Nc8 26. Bxd5+ 1-0


[Site "https://www.chess.com"]